Map: Port Aleksander LE

Players

JonSnow - Winner!

  • Race: Zerg Zerg
  • League: Grandmaster
  • Spawn Location: 11:00

ROGMeomaika (MeomaikA)

  • Race: Zerg Zerg
  • League: Master
  • Spawn Location: 5:00

Event: 2019 WCS Winter Americas

VOD

Have the link to the VOD?

Description

Time

  • Played on: Feb. 8, 2019, 2:36 p.m.
  • Length: 6:29

All games in this series

Show
View Real Time Build Order
Export as new Build Order

JonSnow Zerg - Winner!

Build Orders: Hatch First 

Get SALT Encoding   

  12  0:01  Drone  
  13  0:13  Overlord  
  13  0:18  Drone  
  14  0:31  Drone  
  14  0:32  Drone  
  16  0:37  Drone  
  17  0:54  Hatchery  
  17  0:57  Drone  
  17  1:02  Extractor  
  17  1:04  Drone  
  17  1:16  Spawning Pool  
  16  1:19  Drone  
  17  1:26  Drone  
  17  1:29  Drone  
  19  1:44  Drone  
  20  1:50  Overlord  
  20  2:03  Zergling x2  
  20  2:05  Queen  
  20  2:06  Queen  
  20  2:07  Zergling x2  
  26  2:11  Metabolic Boost  
  26  2:15  Zergling x2  
  27  2:21  Drone  
  28  2:24  Drone  
  29  2:34  Drone x2  
  31  2:48  Hatchery, Overlord  
  30  2:56  Zergling x6  
  33  3:03  Zergling x2  
  34  3:08  Zergling x2  
  35  3:15  Zergling x12  
  35  3:19  Overlord  
  40  3:27  Drone x2  
  40  3:32  Roach Warren  
  41  3:36  Drone x2  
  43  3:42  Drone  
  35  4:00  Drone x2  
  34  4:13  Roach x2  
  34  4:14  Roach x5  
  34  4:15  Evolution Chamber  
  47  4:22  Roach  
  47  4:23  Roach  
  51  4:31  Overlord  
  51  4:33  Overlord  
  51  4:37  Roach, Zergling x4  
  55  4:44  Roach  
  57  4:52  Zergling x10  
  58  4:58  Zergling x6  
  56  5:01  Zergling x4  
  56  5:04  Zergling x2  
  56  5:09  Zergling x2  
  56  5:10  Zergling x2  
  55  5:15  Drone x3  
  58  5:23  Drone x2  
  60  5:30  Extractor  
  60  5:32  Drone x3  
  62  5:38  Overlord  
  62  5:42  Roach x2  
  66  5:45  Overlord  
  66  5:48  Roach  
  68  5:56  Zergling x6  
  71  6:04  Roach x2  
  79  6:28  Extractor  
Show
View Real Time Build Order
Export as new Build Order

ROGMeomaika Zerg 

Build Orders: Pool First 

Get SALT Encoding   

  12  0:01  Drone  
  13  0:08  Drone  
  14  0:17  Overlord  
  14  0:25  Extractor  
  14  0:26  Drone  
  15  0:36  Drone x2  
  17  0:46  Spawning Pool  
  17  0:48  Drone  
  17  1:09  Hatchery  
  16  1:11  Drone  
  16  1:14  Extractor  
  16  1:17  Drone  
  19  1:32  Zergling x4  
  19  1:34  Queen  
  19  1:37  Drone  
  22  1:48  Overlord  
  22  2:06  Drone  
  23  2:09  Queen  
  23  2:11  Drone  
  23  2:15  Metabolic Boost  
  26  2:22  Queen  
  26  2:24  Drone  
  26  2:27  Drone  
  30  2:32  Drone  
  31  2:37  Drone  
  31  2:43  Drone  
  33  2:44  Drone  
  33  2:46  Drone  
  35  2:53  Roach Warren  
  35  2:55  Drone  
  35  3:00  Overlord  
  35  3:05  Overlord  
  35  3:08  Drone  
  36  3:20  Zergling x10  
  41  3:33  Roach x4  
  49  3:35  Roach  
  51  3:47  Evolution Chamber  
  50  3:50  Evolution Chamber  
  50  3:52  Roach x2  
  50  3:53  Zergling x4  
  51  3:56  Drone x2  
  51  3:57  Drone  
  51  3:58  Drone  
  52  4:03  Overlord  
  52  4:05  Extractor  
  52  4:06  Zergling x2  
  52  4:07  Extractor  
  52  4:09  Zergling x2  
  52  4:20  Overlord  
  52  4:23  Zergling x8  
  58  4:27  Zergling x4  
  60  4:34  Overlord x2  
  60  4:41  Zergling x10  
  65  4:51  Zergling x2  
  62  4:53  Zergling x2  
  62  4:58  Zergling x6  
  63  5:02  Zergling x6  
  58  5:08  Hatchery  
  58  5:09  Zergling x2  
  58  5:13  Zergling x2  
  54  5:15  Lair  
  54  5:18  Zergling x2  
  54  5:20  Roach  
  53  5:24  Roach  
  53  5:26  Roach  
  55  5:29  Roach  
  55  5:32  Roach  
  55  5:35  Roach  
  61  5:39  Zergling x2  
  61  5:40  Zergling x2  
  63  5:43  Queen  
  65  5:53  Roach  
  65  5:54  Roach x2  
  65  5:55  Roach  
  70  6:05  Drone  
  70  6:08  Roach  
  70  6:09  Roach x3  
Tags
 
Add a new tag
Caveats
  • Supply blocks, unpowered buildings, or Contaminate may cause inaccurate times.
  • Supply counts are checked every 10 seconds.